 Dungeon Crawl Stone Soup version 0.17.1-1-g73c8601 (webtiles) character file.

118239 demifrog the Destroyer (level 16, -6/114 HPs)
             Began as an Octopode Monk on Dec 16, 2015.
             Was the Champion of Nemelex Xobeh.
             Mangled by an Executioner (26 damage)
             ... summoned by a deep elf demonologist
             ... on level 3 of the Elven Halls on Dec 18, 2015.
             The game lasted 10:35:45 (42154 turns).

demifrog the Destroyer (Octopode Monk)             Turns: 42154, Time: 10:35:45

Health: -6/114     AC:  2    Str: 14    XL:     16   Next: 76%
Magic:  32/40      EV: 20    Int: 27    God:    Nemelex Xobeh [******]
Gold:   1042       SH:  6    Dex: 17    Spells: 9 memorised, 11 levels left

rFire  + . .     SeeInvis .     a - +5 spear "Coato" {pierce, *Corrode rN++ Int+6}
rCold  . . .     Clarity  .     B - +2 buckler
rNeg   + + .     SustAt   .     (helmet restricted)
rPois  +         Gourm    +     W - amulet of the gourmand
rElec  .         Spirit   .     p - ring "Poaxotat" {MR+ Int+6 Dex-3 Stlth+}
rCorr  .         Warding  .     y - ring of wizardry
rMut   .         Stasis   .     j - ring "Unorof" {rPois Dex+3}
MR     ++...                    E - ring of magical power
Stlth  ++++++++..               J - ring of flight
                                i - ring of protection from fire
                                (no ring)
                                (no ring)

@: very slightly contaminated, hasted, very quick, very resistant to hostile
enchantments, extraordinarily stealthy
A: almost no armour, amphibious, 8 rings, constrict 8, molten scales 1,
camouflage 1, agile 1, gelatinous body 1
a: Triple Draw, Deal Four, Stack Five, Renounce Religion, Evoke Flight


You were on level 3 of the Elven Halls.
You worshipped Nemelex Xobeh.
Nemelex Xobeh was exalted by your worship.
You were full.

You visited 5 branches of the dungeon, and saw 30 of its levels.
You also visited: Bailey and Ice Cave.

You collected 2780 gold pieces.
You spent 1738 gold pieces at shops.

Inventory:

Hand Weapons
 a - the +5 spear "Coato" (weapon) {pierce, *Corrode rN++ Int+6}
   (You found it on level 4 of the Lair of Beasts)

   It inflicts extra damage upon your enemies.
   It affects your intelligence (+6).
   It greatly protects you from negative energy.
   It may corrode your equipment when you take damage.
 c - a +0 scimitar of protection
 s - a +0 short sword of protection
Missiles
 r - 69 arrows
Armour
 B - a +2 buckler (worn)
Rods
 b - a +3 rod of shadows (7/16)
   (You bought it in a shop on level 4 of the Orcish Mines)
Jewellery
 i - a ring of protection from fire (on tentacle)
 j - the ring "Unorof" (on tentacle) {rPois Dex+3}
   (You found it on level 4 of the Lair of Beasts)

   [ring of poison resistance]

   It affects your dexterity (+3).
   It protects you from poison.
 p - the ring "Poaxotat" (left tentacle) {MR+ Int+6 Dex-3 Stlth+}
   (You found it on level 9 of the Dungeon)

   [ring of stealth]

   It affects your intelligence (+6).
   It affects your dexterity (-3).
   It affects your resistance to hostile enchantments.
   It makes you more stealthy.
 y - a ring of wizardry (right tentacle)
 E - a ring of magical power (on tentacle)
 J - a ring of flight (on tentacle)
 W - an amulet of the gourmand (around mantle)
Wands
 F - a wand of hasting (0)
 N - a wand of confusion (9)
Scrolls
 f - a scroll of silence
 m - a scroll of recharging
 o - 3 scrolls of teleportation
 w - 2 scrolls of fog
 z - a scroll of enchant armour
 G - a scroll of magic mapping
 H - 2 scrolls of remove curse
 T - a scroll of fear
Potions
 g - 3 potions of magic
 l - 3 potions of flight
 n - a potion of resistance
 q - 3 potions of curing
 v - a potion of might
 A - 5 potions of cancellation
Miscellaneous
 d - an ornate deck of destruction
 e - a legendary deck of destruction
 h - a legendary deck of escape {drawn: 3}
 u - an ornate deck of destruction
 C - a legendary deck of escape
 I - an ornate deck of destruction {drawn: 2}
 Q - a plain deck of destruction {drawn: 4}
Comestibles
 k - 8 meat rations
 t - a chunk of flesh


   Skills:
 + Level 12.0 Fighting
 + Level 12.1 Dodging
 - Level 11.4 Stealth
 - Level 5.0 Unarmed Combat
 + Level 11.8 Spellcasting
 + Level 14.4 Conjurations
 - Level 9.0 Necromancy
 - Level 9.2 Poison Magic
 - Level 11.2 Evocations


You had 11 spell levels left.
You knew the following spells:

 Your Spells              Type           Power        Failure   Level  Hunger
b - Iskenderun's Mystic   Conj           #######.     1%          4    None
c - Mephitic Cloud        Conj/Pois/Air  ######..     1%          3    None
d - Dispel Undead         Necr           ######..     2%          5    ###....
g - Olgreb's Toxic Radia  Pois           ######..     1%          4    None
p - Cure Poison           Pois           ######....   1%          2    None
s - Sublimation of Blood  Necr           ######....   1%          2    None
v - Venom Bolt            Conj/Pois      ######....   1%          5    ###....
x - Magic Dart            Conj           ####         1%          1    None
z - Sting                 Conj/Pois      ####         1%          1    None


Dungeon Overview and Level Annotations

Branches:
Dungeon (14/15)            Temple (1/1) D:4            Lair (8/8) D:9
 Shoals (0/4) Lair:3       Spider (0/4) Lair:3        Slime (0/6) Lair:8
    Orc (4/4) D:12            Elf (3/3) Orc:3
 Vaults: D:13-14

Altars:
Ashenzari
Cheibriados
Dithmenos
Elyvilon
Fedhas
Gozag
Kikubaaqudgha
Makhleb
Nemelex Xobeh
Okawaru
Qazlal
Ru
Sif Muna
Trog
Vehumet
Xom
Yredelemnul
Zin
The Shining One
Beogh
Jiyva

Shops:
D:6 ?   Orc:2 *   Orc:4 }!(}   Elf:2 *


Innate Abilities, Weirdness & Mutations

You cannot wear most types of armour.
You are amphibious.
You can wear up to eight rings at the same time.
You can use your tentacles to constrict eight enemies at once.
Your skin changes colour to match your surroundings (Stealth).
Your rubbery body absorbs attacks (AC +1).
You are partially covered in molten scales (AC +1).
You are agile. (Dex +2)


Message History

The deep elf summoner blinks!
You are very lightly contaminated with residual magic.
The Executioner hits you!!
* * * LOW HITPOINT WARNING * * *
The Executioner barely misses you. The Executioner hits you!
* * * LOW HITPOINT WARNING * * *
Drink which item? (? for menu, Esc to quit)
Okay, then.
Press: ? - help, v - describe, . - travel
Here: an Executioner (fast, summoned)
The floor.
The deep elf summoner gestures wildly while chanting.
The Executioner completely misses you. The Executioner hits you.
* * * LOW HITPOINT WARNING * * *
The Executioner hits you!
* * * LOW HITPOINT WARNING * * *
Drink which item? (? for menu, Esc to quit)
You feel better. The Executioner hits you!!
You die...
Your body disappears without a glow.

##.#'## #.# ##'.....##
####.#####'#####.##.<.##
##.##.....##.####.#+##
##'.......'## ####.### #
##.......).## ##+#. ##
#.........).# ###.. .##
#........[).#######....
..#########.....[.4)).'2ยง...4)...
..'.......'...<.@14.e.########...
..#########........e..# #... .'##
##.........## #.4. ##.## ###
##.....rs## ##.. ###.###.##
##.....## ##. ##'#<..## ##'#### #.
##.....## #.# #. #...8)..# #.# #.
##.....## #.# #.


You could see an Executioner, a shadow demon, a deep elf demonologist, a deep
elf summoner, a hellwing, a rust devil, a redback and a hell rat.

Vanquished Creatures
  A caustic shrike (Elf:2)
  Rupert (D:12)
  A quicksilver dragon (Elf:2)
  A deep elf sorcerer (Elf:2)
  A frost giant (IceCv)
  A deep elf demonologist (Elf:3)
  A deep elf death mage (Elf:3)
  A deep elf high priest (Elf:3)
  6 hydras
  A dancing weapon (Elf:2)
  2 death yaks
  9 deep elf knights
  A fire crab (shapeshifter) (Elf:1)
  A hill giant (D:9)
  9 deep elf summoners
  2 cyclopes
  8 deep elf conjurers
  2 griffons
  An orc knight (Orc:1)
  5 orc sorcerers (Orc:4)
  3 elephants
  10 spiny frogs
  A gargoyle (D:12)
  4 komodo dragons
  3 fire drakes
  8 deep elf priests
  4 giant leeches (Lair:8)
  16 polar bears
  4 trolls
  2 two-headed ogres (Orc:4)
  2 queen bees
  A boulder beetle (Lair:7)
  32 blink frogs
  A wraith (D:11)
  5 hogs (Elf:1)
  49 yaks
  20 deep elf magi
  4 vampire mosquitoes (Lair:8)
  A wyvern (D:11)
  3 hungry ghosts
  16 deep elf fighters
  7 hippogriffs
  A human (Elf:1)
  A steam dragon (D:11)
  A basilisk (Lair:5)
  21 wolves
  2 wargs
  14 porcupines
  9 orc warriors
  12 water moccasins
  2 phantoms
  2 black bears
  8 spiders (Lair:3)
  A tengu (Elf:2)
  2 sky beasts
  8 ogres
  11 crocodiles
  25 giant frogs
  4 centaurs
  A wyvern zombie (D:11)
  2 wyvern skeletons
  12 killer bees
  6 scorpions
  3 electric eels (Lair:4)
  3 crimson imps
  4 centaur skeletons
  18 orc priests
  A wasp zombie (D:10)
  2 centaur zombies
  A giant frog zombie (D:5)
  3 jellies
  6 hounds
  11 iguanas
  17 orc wizards
  8 worker ants
  6 hell rats (Lair:6)
  10 sheep
  A hound skeleton (D:5)
  5 gnolls (Bailey)
  A worker ant zombie (D:10)
  40 river rats
  15 adders
  2 shadow imps
  A giant eyeball (D:8)
  2 adder skeletons (D:9)
  7 worms
  2 giant geckos
  143 orcs
  A ball python (D:4)
  2 giant cockroaches
  6 goblins
  7 hobgoblins
  8 jackals
  5 quokkas
  8 bats
  6 giant newts
  16 kobolds
  7 rats
  3 fungi
  5 plants
782 creatures vanquished.

Vanquished Creatures (collateral kills)
  Kirke (Elf:1)
  2 deep elf sorcerers (Elf:3)
  Wiglaf (Elf:3)
  Louise (Elf:2)
  2 deep elf demonologists (Elf:3)
  A deep elf annihilator (Elf:3)
  3 deep elf death magi (Elf:3)
  2 ogre magi (Orc:4)
  Fannar (Lair:3)
  An ice dragon (Elf:2)
  The ghost of Musteatbrain the Fighter, a journeyman DsFi (D:11)
  5 hydras
  An anaconda (Lair:1)
  10 dancing weapons (Elf:2)
  6 death yaks
  Urug (D:12)
  Sonja (Lair:3)
  Nergalle (Orc:1)
  8 deep elf knights
  A giant orange brain (Orc:4)
  A deep elf summoner (Elf:2)
  3 deep elf conjurers
  2 hill giants (D:12)
  2 ugly things (D:12)
  3 orc sorcerers (Orc:4)
  2 black mambas
  2 slime creatures (D:12)
  8 elephants
  Maurice (D:8)
  A centaur zombie (D:12)
  22 spiny frogs
  2 ice statues
  A centaur skeleton (D:10)
  6 komodo dragons
  5 deep elf priests (Elf:2)
  4 trolls
  2 polar bears (IceCv)
  A queen bee (Lair:1)
  A two-headed ogre (D:11)
  14 blink frogs
  30 yaks
  2 basilisks
  7 deep elf fighters
  5 deep elf magi
  2 hippogriffs
  A hungry ghost (D:9)
  A warg (D:9)
  A sky beast (D:9)
  4 water moccasins
  2 orc warriors
  A wasp (D:9)
  2 porcupines (Lair:3)
  An ice beast (D:5)
  3 ogres
  3 crocodiles
  6 giant frogs
  A centaur (Lair:3)
  37 killer bees
  8 wights
  2 electric eels (Lair:8)
  An orc priest (D:9)
  A quasit (D:11)
  2 iguanas
  2 jellies (Lair:8)
  A hound (D:8)
  15 orc wizards
  5 sheep (Lair:6)
  9 gnolls
  10 river rats
  An adder (D:8)
  A shadow imp (D:12)
  An ooze (Lair:8)
  11 orcs
  4 hobgoblins (Bailey)
  3 quokkas
  8 kobolds (Bailey)
  A fungus (Lair:8)
  A plant (Lair:8)
329 creatures vanquished.

Vanquished Creatures (others)
  A death yak (Lair:7)
  2 deep elf magi (Elf:3)
  A deep elf fighter (Elf:3)
  A warg (Orc:4)
  A killer bee (D:8)
  2 gnolls (Bailey)
  A hobgoblin (Bailey)
  27 fungi
  31 plants
67 creatures vanquished.

Grand Total: 1178 creatures vanquished

Notes
Turn   | Place    | Note
--------------------------------------------------------------
     0 | D:1      | demifrog the Octopode Monk began the quest for the Orb.
     0 | D:1      | Reached XP level 1. HP: 16/16 MP: 1/1
   265 | D:1      | Reached XP level 2. HP: 18/21 MP: 2/2
   693 | D:2      | Reached XP level 3. HP: 26/26 MP: 3/3
   753 | D:2      | Found a faded altar to an unknown god.
   773 | D:2      | Became a worshipper of Nemelex Xobeh the Trickster
   773 | D:2      | Received a gift from Nemelex Xobeh
   773 | D:2      | Reached * piety under Nemelex Xobeh
   773 | D:2      | Received a gift from Nemelex Xobeh
   773 | D:2      | Received a gift from Nemelex Xobeh
   773 | D:2      | Reached ** piety under Nemelex Xobeh
   773 | D:2      | Received a gift from Nemelex Xobeh
   773 | D:2      | Received a gift from Nemelex Xobeh
   995 | D:2      | Reached *** piety under Nemelex Xobeh
  1142 | D:2      | Received a gift from Nemelex Xobeh
  1305 | D:3      | Reached skill level 1 in Evocations
  1305 | D:3      | Reached XP level 4. HP: 31/31 MP: 4/4
  1572 | D:3      | Found a basalt altar of Yredelemnul.
  1574 | D:3      | Noticed a profane servitor
  1588 | D:3      | Found a glowing golden altar of the Shining One.
  1590 | D:3      | Noticed an angel
  1682 | D:3      | Reached XP level 5. HP: 21/36 MP: 5/5
  2203 | D:4      | Found a staircase to the Ecumenical Temple.
  2215 | Temple   | Entered the Ecumenical Temple
  2239 | Temple   | Received a gift from Nemelex Xobeh
  2419 | D:4      | Reached **** piety under Nemelex Xobeh
  2636 | D:4      | Reached skill level 5 in Unarmed Combat
  2644 | D:4      | Reached XP level 6. HP: 19/43 MP: 7/7
  3221 | D:4      | Received a gift from Nemelex Xobeh
  3372 | D:4      | Reached skill level 5 in Stealth
  3475 | D:5      | Entered Level 5 of the Dungeon
  3589 | D:5      | Reached XP level 7. HP: 48/48 MP: 9/9
  3624 | D:5      | Received a gift from Nemelex Xobeh
  3820 | D:5      | Noticed a water moccasin
  3833 | D:5      | Killed a water moccasin
  4119 | D:5      | Reached ***** piety under Nemelex Xobeh
  4131 | D:5      | Received a gift from Nemelex Xobeh
  4270 | D:5      | Reached skill level 5 in Evocations
  4304 | D:5      | Reached XP level 8. HP: 47/54 MP: 11/11
  4600 | D:5      | Reached skill level 5 in Dodging
  4628 | D:5      | Reached skill level 5 in Fighting
  4978 | D:6      | Found Ariut's Magic Scroll Boutique.
  5140 | D:6      | Received a gift from Nemelex Xobeh
  5606 | D:6      | Bought a scroll of noise for 12 gold pieces
  5606 | D:6      | Bought a scroll of fog for 24 gold pieces
  5606 | D:6      | Bought a scroll of random uselessness for 12 gold pieces
  5606 | D:6      | Bought a scroll of identify for 24 gold pieces
  5606 | D:6      | Bought a scroll of identify for 24 gold pieces
  5606 | D:6      | Bought a scroll of identify for 24 gold pieces
  5795 | D:6      | Reached skill level 6 in Stealth
  6191 | D:7      | Received a gift from Nemelex Xobeh
  6667 | D:8      | Reached skill level 7 in Stealth
  6667 | D:8      | Reached XP level 9. HP: 60/62 MP: 13/13
  6889 | D:8      | Received a gift from Nemelex Xobeh
  7355 | D:8      | Noticed Maurice
  7373 | D:8      | Killed Maurice
  7373 | D:8      | Reached skill level 8 in Stealth
  7429 | D:8      | Noticed a queen bee
  7429 | D:8      | Killed a queen bee
  8110 | D:8      | Reached skill level 9 in Stealth
  8125 | D:8      | Found an opulent altar of Gozag.
  8143 | D:8      | Reached XP level 10. HP: 63/71 MP: 16/16
  9088 | D:9      | Received a gift from Nemelex Xobeh
  9101 | D:9      | Found a staircase to the Lair.
  9118 | D:9      | Noticed a hill giant
  9213 | D:9      | Paralysed by a wasp for 2 turns
  9229 | D:9      | Killed a hill giant
  9885 | D:9      | Received a gift from Nemelex Xobeh
  9890 | D:9      | Got a sparkling jade ring
  9896 | D:9      | Noticed a cyan ugly thing
 10007 | D:9      | Reached skill level 10 in Stealth
 10224 | D:9      | Received a gift from Nemelex Xobeh
 10359 | Lair:1   | Entered Level 1 of the Lair of Beasts
 10803 | Lair:1   | Noticed a seven-headed hydra
 10820 | Lair:1   | Killed a seven-headed hydra
 10851 | Lair:1   | Reached ****** piety under Nemelex Xobeh
 11013 | Lair:1   | Identified the ring "Poaxotat" {MR+ Int+6 Dex-3 Stlth+} (You found it on level 9 of the Dungeon)
 11084 | Lair:1   | Received a gift from Nemelex Xobeh
 11140 | Lair:1   | Noticed a griffon
 11187 | Lair:1   | Killed a griffon
 11187 | Lair:1   | Reached skill level 11 in Stealth
 11187 | Lair:1   | Reached XP level 11. HP: 25/78 MP: 18/18
 11867 | Lair:2   | Received a gift from Nemelex Xobeh
 12062 | Lair:2   | Reached skill level 1 in Spellcasting
 12235 | Lair:2   | Learned a level 1 spell: Sting
 12273 | Lair:2   | Learned a level 2 spell: Cure Poison
 12357 | Lair:2   | Reached skill level 1 in Poison Magic
 12395 | Lair:2   | Noticed a seven-headed hydra
 12739 | Lair:2   | Killed a seven-headed hydra
 12830 | Lair:2   | Received a gift from Nemelex Xobeh
 13539 | Lair:2   | Learned a level 3 spell: Mephitic Cloud
 13939 | Lair:1   | Noticed an eight-headed hydra
 13952 | Lair:1   | Noticed an ice dragon
 13952 | Lair:1   | an eight-headed hydra changed into an ice dragon
 14136 | Lair:2   | Gained mutation: You are agile. (Dex +2) [potion of beneficial mutation]
 14178 | Lair:1   | Noticed an anaconda
 14178 | Lair:1   | an ice dragon changed into an anaconda
 14184 | Lair:1   | Killed an anaconda
 14275 | D:10     | Entered Level 10 of the Dungeon
 14301 | D:10     | Found a flagged portal.
 14458 | Bailey   | Entered a bailey
 15148 | D:10     | Reached skill level 5 in Poison Magic
 15292 | D:10     | Reached skill level 5 in Spellcasting
 15721 | Lair:2   | Learned a level 4 spell: Olgreb's Toxic Radiance
 15957 | D:11     | Found a deep blue altar of Sif Muna.
 15962 | D:11     | Noticed Musteatbrain's ghost (journeyman DsFi)
 16069 | D:11     | Reached XP level 12. HP: 85/85 MP: 17/20
 16077 | D:11     | Killed Musteatbrain's ghost
 16164 | D:11     | You fall through a shaft for 3 floors!
 16164 | D:14     | Received a gift from Nemelex Xobeh
 16212 | D:12     | Found a staircase to the Orcish Mines.
 16521 | D:12     | Found a roughly hewn altar of Beogh.
 16785 | D:11     | Received a gift from Nemelex Xobeh
 17198 | D:12     | Gained mutation: You are partially covered in molten scales (AC +1). [helix card]
 17225 | D:12     | Noticed Rupert
 17245 | D:12     | Killed Rupert
 17454 | D:12     | Found a basalt altar of Yredelemnul.
 17717 | D:11     | Learned a level 1 spell: Magic Dart
 17722 | D:11     | Learned a level 4 spell: Iskenderun's Mystic Blast
 17849 | D:11     | Reached skill level 1 in Conjurations
 17882 | D:11     | Received a gift from Nemelex Xobeh
 19082 | Lair:2   | Learned a level 5 spell: Venom Bolt
 19130 | Lair:2   | Learned a level 2 spell: Sublimation of Blood
 19311 | Orc:1    | Entered Level 1 of the Orcish Mines
 19323 | Orc:1    | Noticed Urug
 19847 | D:12     | Reached skill level 1 in Necromancy
 19856 | D:12     | Killed Urug
 20166 | Orc:1    | Reached skill level 5 in Conjurations
 20553 | Orc:1    | Noticed Nergalle
 20559 | Orc:1    | Reached XP level 13. HP: 83/90 MP: 4/24
 20565 | Orc:1    | Received a gift from Nemelex Xobeh
 20757 | Orc:1    | Killed Nergalle
 21152 | Orc:2    | Found Plog's Assorted Antiques.
 21186 | Orc:2    | Bought a moonstone ring for 110 gold pieces
 21186 | Orc:2    | Bought a jade ring for 110 gold pieces
 21190 | Orc:2    | Bought a long brass wand for 88 gold pieces
 21483 | Orc:3    | Received a gift from Nemelex Xobeh
 21690 | Orc:3    | Found a staircase to the Elven Halls.
 21830 | Orc:4    | Entered Level 4 of the Orcish Mines
 21830 | Orc:4    | Received a gift from Nemelex Xobeh
 22319 | Orc:4    | Found a roughly hewn altar of Beogh.
 22599 | Orc:4    | Found Nidaqusa's Gadget Emporium.
 22641 | Orc:4    | Found a radiant altar of Vehumet.
 22669 | Orc:4    | Found Kogiklumao's Antique Weapon Shoppe.
 22828 | Orc:4    | Found a roughly hewn altar of Beogh.
 22828 | Orc:4    | Found Fudiybia's Distillery.
 22871 | Orc:4    | Found an ancient bone altar of Kikubaaqudgha.
 22927 | Orc:4    | Found Miazegh's Gadget Emporium.
 23146 | Orc:4    | Bought a cursed +1 rod of shadows (14/14) for 1200 gold pieces
 23450 | Lair:3   | Received a gift from Nemelex Xobeh
 23490 | Lair:3   | Reached skill level 5 in Necromancy
 23837 | Lair:3   | Noticed Fannar
 23917 | Lair:3   | Killed Fannar
 24095 | Lair:3   | Found a hole to the Spider Nest.
 24264 | Lair:3   | Noticed Sonja
 24278 | Lair:3   | Killed Sonja
 24629 | Lair:3   | Found a staircase to the Shoals.
 24721 | Lair:3   | Received a gift from Nemelex Xobeh
 25372 | Lair:2   | Learned a level 5 spell: Dispel Undead
 25584 | Lair:4   | Received a gift from Nemelex Xobeh
 26139 | Lair:4   | Got a twitching ivory ring
 26141 | Lair:4   | Got a faintly glowing spear
 26151 | Lair:4   | Identified the ring "Unorof" {rPois Dex+3} (You found it on level 4 of the Lair of Beasts)
 26154 | Lair:4   | Identified the +5 spear "Coato" {pierce, *Corrode rN++ Int+6} (You found it on level 4 of the Lair of Beasts)
 26271 | Lair:4   | Reached XP level 14. HP: 56/97 MP: 7/27
 26459 | Lair:4   | Received a gift from Nemelex Xobeh
 27369 | Lair:5   | Received a gift from Nemelex Xobeh
 27467 | Lair:5   | Found a frozen archway.
 27474 | Lair:5   | Received a gift from Nemelex Xobeh
 27482 | IceCv    | Entered an ice cave
 27510 | IceCv    | Reached skill level 10 in Evocations
 28689 | IceCv    | Received a gift from Nemelex Xobeh
 28692 | IceCv    | Noticed a frost giant
 28702 | IceCv    | Killed a frost giant
 29780 | Lair:5   | Received a gift from Nemelex Xobeh
 30539 | Lair:6   | Received a gift from Nemelex Xobeh
 30830 | Lair:6   | Received a gift from Nemelex Xobeh
 31058 | Lair:6   | Reached skill level 10 in Conjurations
 31537 | Lair:7   | Received a gift from Nemelex Xobeh
 32489 | Lair:7   | Reached XP level 15. HP: 77/103 MP: 16/28
 33159 | Lair:8   | Entered Level 8 of the Lair of Beasts
 33159 | Lair:8   | Received a gift from Nemelex Xobeh
 33259 | Lair:8   | Reached skill level 10 in Spellcasting
 33281 | Lair:8   | Reached skill level 10 in Dodging
 33284 | Lair:8   | Reached skill level 10 in Fighting
 34181 | Lair:8   | Noticed Gacrosum the pandemonium lord
 34710 | Lair:8   | Reached skill level 12 in Conjurations
 34794 | Lair:8   | Received a gift from Nemelex Xobeh
 34905 | Lair:8   | Found a runed door.
 34906 | Lair:8   | Found a viscous altar of Jiyva.
 34918 | Lair:8   | Found a staircase to the Slime Pits.
 35686 | Elf:1    | Entered Level 1 of the Elven Halls
 36174 | Elf:1    | Noticed Kirke
 36368 | Elf:1    | Killed Kirke
 37115 | Elf:1    | Received a gift from Nemelex Xobeh
 38046 | Elf:2    | Got a steaming hand axe
 38061 | Elf:2    | Noticed a deep elf sorcerer
 38337 | Elf:2    | Killed a deep elf sorcerer
 38623 | Elf:2    | Found Ysovarph's General Store.
 38650 | Elf:2    | Bought a scroll of fog for 40 gold pieces
 38650 | Elf:2    | Bought a scroll of magic mapping for 70 gold pieces
 38706 | Elf:2    | Reached XP level 16. HP: 112/112 MP: 31/31
 38731 | Elf:2    | Found a runed gate.
 38731 | Elf:2    | Found a runed gate.
 38736 | Elf:2    | Found a runed gate.
 38922 | Elf:2    | Received a gift from Nemelex Xobeh
 39016 | Elf:2    | Reached skill level 13 in Conjurations
 39074 | Elf:2    | Noticed Nikola
 39497 | Elf:2    | Noticed Nikola
 39497 | Elf:2    | Nikola changed into Nikola the caustic shrike
 39512 | Elf:2    | Killed Nikola the caustic shrike
 39615 | Elf:2    | Noticed a deep elf blademaster
 39640 | Elf:2    | Noticed a quicksilver dragon
 39640 | Elf:2    | a deep elf blademaster changed into a quicksilver dragon
 39645 | Elf:2    | Killed a quicksilver dragon
 39962 | Elf:2    | Noticed Louise
 39970 | Elf:2    | Killed Louise
 40139 | Elf:2    | Received a gift from Nemelex Xobeh
 40429 | Elf:3    | Entered Level 3 of the Elven Halls
 41464 | Elf:3    | Reached skill level 14 in Conjurations
 41542 | Elf:3    | Received a gift from Nemelex Xobeh
 41668 | Elf:3    | Noticed Wiglaf
 41670 | Elf:3    | Noticed Tuxzikh the pandemonium lord
 41693 | Elf:3    | Killed Wiglaf
 42027 | Elf:3    | Noticed Zesumy the pandemonium lord
 42147 | Elf:3    | Noticed an Executioner
 42154 | Elf:3    | Mangled by an Executioner

Action                   |  1- 3 |  4- 6 |  7- 9 | 10-12 | 13-15 | 16-18 || total
-------------------------+-------+-------+-------+-------+-------+-------++-------
Melee: Unarmed           |    83 |    87 |   186 |   362 |    53 |       ||   771
       Spear             |       |       |       |       |    78 |     5 ||    83
       Rod               |       |       |       |       |       |     1 ||     1
 Fire: Hunting sling     |       |    20 |    61 |    16 |       |       ||    97
       Greatsling        |       |       |       |    18 |       |       ||    18
Throw: Stone             |       |       |       |     1 |       |       ||     1
       Javelin           |       |       |       |       |     1 |       ||     1
 Cast: Sting             |       |       |       |   235 |   136 |     2 ||   373
       Mephitic Cloud    |       |       |       |    61 |   101 |    35 ||   197
       Iskenderun's Myst |       |       |       |    16 |    82 |     3 ||   101
       Olgreb's Toxic Ra |       |       |       |    16 |    78 |     8 ||   102
       Cure Poison       |       |       |       |    15 |    66 |     6 ||    87
       Sublimation of Bl |       |       |       |     8 |    28 |     6 ||    42
       Venom Bolt        |       |       |       |     7 |   236 |    68 ||   311
       Magic Dart        |       |       |       |     5 |     5 |       ||    10
       Dispel Undead     |       |       |       |       |     4 |       ||     4
Evoke: Deck              |       |       |    22 |   126 |    37 |    59 ||   244
       Wand              |       |       |       |    13 |     9 |     2 ||    24
       Rod               |       |       |       |       |   102 |    24 ||   126
       Stone of tremors  |       |       |       |       |     1 |       ||     1
       Lamp of fire      |       |       |       |       |       |     1 ||     1
  Use: Scroll            |       |     9 |     7 |    16 |    14 |     1 ||    47
       Potion            |       |       |     4 |     9 |     5 |     9 ||    27
 Stab: Sleeping          |    13 |    14 |     9 |    17 |     5 |       ||    58
       Distracted        |       |       |     1 |       |       |       ||     1
       Confused          |       |       |       |     9 |     8 |     1 ||    18
  Eat: Chunk             |     1 |     7 |    10 |    61 |   125 |    21 ||   225
       Beef jerky        |       |       |     1 |       |       |       ||     1
       Royal jelly       |       |       |     2 |     3 |       |       ||     5
       Meat ration       |       |       |       |       |     1 |       ||     1
       Pizza             |       |       |       |       |       |     1 ||     1
